 Dungeon Crawl Stone Soup version 0.30.0-30-g96aa6591b8 (webtiles) character file.

Game seed: 552428544494337252

3046 booth the Chopper (level 9, 0/52 (69) HPs)
             Began as a Demonspawn Reaver on June 26, 2023.
             Was a Follower of Ashenzari.
             Succumbed to a killer bee's poison
             ... on level 7 of the Dungeon on June 27, 2023.
             The game lasted 01:11:49 (9279 turns).

booth the Chopper (Demonspawn Reaver)               Turns: 9279, Time: 01:11:49

HP:   0/52 (69)     AC:  7    Str: 22    XL:     9   Next: 56%
MP:   5/17          EV: 13    Int: 20    God:    Ashenzari [*.....]
Gold: 367           SH:  0    Dex: 15    Spells: 6/18 levels left

rFire   . . .        a - +0 hand axe (protect)
rCold   . . .        y - orb {light}
rNeg    . . .        b - +0 leather armour
rPois   .            (no helmet)
rElec   .            e - +1 cloak of the Circumscribed Seer {Fort, Comp} (curse)
rCorr   .            A - +0 pair of gloves
SInv    .            n - +0 pair of boots
Will    .....        (no amulet)
Stlth   +            l - ring of the Fated Free Will {Str+6, Self, Elem} (curse)
HPRegen 0.28/turn    u - +6 ring of intelligence
MPRegen 0.30/turn

%: guardian spirit
@: lethally poisoned (0 -> -9), glowing, heavily drained
A: hooves 1, thin skeletal structure 1, magic shield, magic regeneration,
demonic magic 3
a: Renounce Religion, Curse Item, Shatter the Chains


You were on level 7 of the Dungeon.
You worshipped Ashenzari.
Ashenzari was aware of your devotion.
You visited 2 branches of the dungeon, and saw 8 of its levels.
You also visited: Sewer.

You collected 367 gold pieces.

Inventory:

Hand Weapons
 a - a +0 hand axe of protection (weapon)
 f - a +0 mace
 m - a +0 heavy mace
Missiles
 w - 3 curare-tipped darts (quivered)
 D - 2 throwing nets
Armour
 b - a +0 leather armour (worn)
 e - the cursed +1 cloak of the Circumscribed Seer (worn) {Fort, Comp}
   (You found it on level 2 of the Dungeon)

   It has a curse which improves the following skills: Fortitude: Armour and
   Shields.
   Companions: Summonings and Necromancy.
 n - a +0 pair of boots (worn)
 y - an orb of light (worn)
 A - a +0 pair of gloves (worn)
 E - a +0 kite shield
 F - a +0 buckler
Jewellery
 l - the cursed ring of the Fated Free Will (left hand) {Str+6, Self, Elem}
   (You found it on level 3 of the Dungeon)

   [ring of strength]

   Str:       It affects your strength (+6).
   It has a curse which improves the following skills: Introspection: Fighting
   and Spellcasting.
   Elements:  Fire Magic, Ice Magic, Air Magic and Earth Magic.
 u - a +6 ring of intelligence (right hand)
Wands
 o - a wand of flame (24)
 r - a wand of quicksilver (15)
 t - a wand of roots (6)
 z - a wand of charming (2)
Scrolls
 c - a scroll of fog
 g - a scroll of silence
 j - 2 scrolls of teleportation
 s - 2 scrolls of butterflies
 C - a scroll of identify
Potions
 d - 3 potions of brilliance
 h - 5 potions of magic
 i - a potion of might
 k - a potion of flight
 p - 4 potions of mutation
 q - 2 potions of lignification
 v - a potion of cancellation
 B - a potion of berserk rage


   Skills:
 + Level 5.0(5.8) Fighting
 * Level 6.5 Axes
 + Level 2.5(3.2) Armour
 - Level 3.6 Dodging
 + Level 4.6(5.3) Spellcasting
 + Level 5.6 Conjurations
 + Level 2.8(3.5) Summonings
 + Level 3.8 Translocations
 + Level 4.1 Poison Magic


You had 6 spell levels left.
You knew the following spells:

 Your Spells              Type           Power      Damage    Failure   Level
a - Kiss of Death         Conj/Necr      64%        2d10      4%          1
b - Momentum Strike       Conj/Tloc      48%        3d9       2%          2
c - Hailstorm             Conj/Ice       16%        3d6       12%         3
d - Shock                 Conj/Air       64%        1d7       4%          1
e - Cigotuvi's Dreadful   Necr/Pois/Air  22%        N/A       11%         2
f - Ignite Poison         Fire/Tmut/Pois 10%        N/A       22%         3

Your spell library contained the following spells:

 Spells                   Type           Power      Damage    Failure   Level
 Swiftness                Air            5%         N/A       36%         3
 Summon Forest            Summ/Tloc      10%        N/A       61%         5
 Airstrike                Air            2%         2d(1-17)  77%         4
 Freezing Cloud           Conj/Ice/Air   6%         6-21      85%         5
 Eringya's Noxious Bog    Tmut/Pois      6%         N/A       100%        6
 Summon Hydra             Summ           9%         N/A       100%        7


Dungeon Overview and Level Annotations

Branches:
Dungeon (7/15)             Temple (1/1) D:4           Sewer (visited)

Altars:
Ashenzari
Dithmenos
Gozag
Kikubaaqudgha
Makhleb
Nemelex Xobeh
Okawaru
Qazlal
Ru
Sif Muna
Trog
Uskayaw
Vehumet
Wu Jian
Yredelemnul

Annotations:
D:6 3 runed translucent doors, SweetJohnnyV's ghost, novice MiBe


Innate Abilities, Weirdness & Mutations

You have large cloven feet.
You have a somewhat thin skeletal structure. (Dex +2, Stealth+)
When hurt, damage is shared between your health and your magic reserves.
You regenerate magic rapidly.
Spells you cast and wands you use may paralyse nearby enemies.


Message History

You hit the killer bee.
The killer bee is severely wounded.
The killer bee stings you but does no damage.
The killer bee stings you.
* * * LOW HITPOINT WARNING * * *
You are poisoned.
The killer bee poisons you!
You barely miss the killer bee.
The killer bee is severely wounded.
You feel sick. The killer bee closely misses you.
The killer bee barely misses you.
You barely miss the killer bee.
The killer bee is severely wounded.
You feel sick. The killer bee barely misses you.
The killer bee closely misses you.
Casting: Shock (safe; 4% risk of failure)
Confirm with . or Enter, or press ? or * to list all spells.
Aiming: Shock (safe; 4% risk of failure)
Press: ? - help, Shift-Dir - straight line, f/p - killer bee
Aim: a killer bee (severely wounded, haloed, 61% to hit)
The zap hits the killer bee.
The killer bee is almost dead.
Malevolent energies surge around you.
You feel sick.
The killer bee stings you but does no damage.
The killer bee misses you.
You feel sick. The killer bee barely misses you.
You barely miss the killer bee.
The killer bee is almost dead.
You feel sick. The killer bee stings you.
* * * LOW HITPOINT WARNING * * *
You are lethally poisoned!
The killer bee poisons you!
Casting: Shock (safe; 4% risk of failure)
Confirm with . or Enter, or press ? or * to list all spells.
A part of your flesh rots into a cloud of miasma!
You feel drained. Malevolent energies surge around you.
The killer bee suddenly stops moving!
* * * LOW HITPOINT WARNING * * *
You feel very sick.
You die...

#####....(...........#.#..
##......y#..##........#....
#..........######.#...#.##.
.......###.# #...##.#.###
.......# #(# #.#.##...# #
......y# #(# #.#......# #
##....y #y# ##.##..§≈.#
#..yy. #☼####..##..§≈.#
#$.... #@.##..####..≈.#
#..y.. ##.#..## #..≈.#
#....## #....# #....#
#....# #....# #...## ######
#####


You could see a killer bee (paralysed).

Vanquished Creatures
  Pikel (D:6)
  A troll (D:7)
  Grinder (D:5)
  Prince Ribbit (D:5)
  A steam dragon (D:7)
  Menkaure (D:6)
  A water moccasin (D:6)
  Duvessa (D:5)
  A black bear (D:4)
  2 ice beasts
  A lemure (D:6)
  3 kobold brigands (Sewer)
  2 scorpions
  A bullfrog (D:7)
  Dowan (D:5)
  4 killer bees (D:7)
  3 hounds
  A gnoll bouda (D:6)
  A jelly (D:7)
  4 orc wizards
  11 adders
  11 gnolls
  2 river rats (D:6)
  A shadow imp (D:5)
  A white imp (D:6)
  An ufetubus (D:5)
  5 worms
  2 dart slugs (D:1)
  14 orcs
  4 ball pythons
  9 bats
  7 endoplasms
  10 giant cockroaches
  7 goblins
  9 hobgoblins
  10 jackals
  23 kobolds
  3 quokkas
  2 training dummies (D:5)
  4 frilled lizards
  12 rats
180 creatures vanquished.

Notes
Turn   | Place    | Note
-------+----------+-------------------------------------------
     0 | D:1      | booth the Demonspawn Reaver began the quest for the Orb.
     0 | D:1      | Reached XP level 1. HP: 16/16 MP: 3/3
   172 | D:1      | Gained mutation: You regenerate magic rapidly. [demonic
                  | ancestry]
   172 | D:1      | Reached XP level 2. HP: 7/22 MP: 5/5
   309 | D:1      | Learned a level 2 spell: Momentum Strike
   578 | D:1      | Gained mutation: Spells you cast may paralyse adjacent
                  | enemies. [demonic ancestry]
   578 | D:1      | Reached XP level 3. HP: 15/27 MP: 6/6
   582 | D:1      | Learned a level 3 spell: Hailstorm
   727 | D:1      | Reached skill level 3 in Axes
  1917 | D:2      | Reached XP level 4. HP: 31/34 MP: 7/7
  2202 | D:2      | Found a faded altar of an unknown god.
  3131 | D:3      | Learned a level 1 spell: Shock
  3681 | D:4      | Gained mutation: You have a somewhat thin skeletal
                  | structure. (Dex +2, Stealth+) [demonic ancestry]
  3681 | D:4      | Reached XP level 5. HP: 10/40 MP: 8/8
  3824 | D:4      | Noticed a black bear
  3840 | D:4      | Killed a black bear
  3841 | D:4      | Reached skill level 1 in Translocations
  3941 | D:4      | Gained mutation: You have large cloven feet. [demonic
                  | ancestry]
  3941 | D:4      | Reached XP level 6. HP: 47/47 MP: 10/10
  4038 | D:4      | Reached skill level 1 in Poison Magic
  4160 | D:4      | Reached skill level 4 in Axes
  4415 | D:4      | Found a staircase to the Ecumenical Temple.
  4428 | Temple   | Entered the Ecumenical Temple
  4513 | Temple   | Became a worshipper of Ashenzari the Shackled
  4603 | D:4      | Found an ornate altar of the Wu Jian Council.
  4869 | D:5      | Entered Level 5 of the Dungeon
  4889 | D:5      | Noticed Grinder
  5448 | D:5      | Found an opulent altar of Gozag.
  5454 | D:5      | Gained mutation: When hurt, damage is shared between your
                  | health and your magic reserves. [demonic ancestry]
  5454 | D:5      | Reached XP level 7. HP: 52/52 MP: 6/11
  5543 | D:5      | Killed Grinder
  5590 | D:5      | Learned a level 2 spell: Cigotuvi's Dreadful Rot
  5594 | D:5      | Learned a level 3 spell: Ignite Poison
  5679 | D:5      | Noticed Duvessa
  5679 | D:5      | Noticed Dowan
  5693 | D:5      | Killed Dowan
  5695 | D:5      | Killed Duvessa
  5874 | D:5      | Noticed Prince Ribbit
  5894 | D:5      | Killed Prince Ribbit
  5895 | D:5      | Reached skill level 5 in Axes
  5895 | D:5      | Gained mutation: Spells you cast may paralyse nearby
                  | enemies. [demonic ancestry]
  5895 | D:5      | Reached XP level 8. HP: 44/60 MP: 9/13
  6366 | D:6      | Found a glowing drain.
  6372 | Sewer    | Entered a sewer
  6731 | Sewer    | Reached skill level 1 in Armour
  6731 | Sewer    | Reached skill level 1 in Summonings
  7261 | D:6      | Noticed Pikel
  7274 | D:6      | Killed Pikel
  7275 | D:6      | Reached skill level 5 in Conjurations
  7275 | D:6      | Gained mutation: Spells you cast and wands you use may
                  | paralyse nearby enemies. [demonic ancestry]
  7275 | D:6      | Reached XP level 9. HP: 61/66 MP: 11/15
  7669 | D:6      | Found a runed translucent gate.
  7669 | D:6      | Found a runed translucent gate.
  7669 | D:6      | Found a runed translucent gate.
  7675 | D:6      | Noticed Menkaure
  7683 | D:6      | Killed Menkaure
  7684 | D:6      | Reached skill level 6 in Axes
  7800 | D:6      | Noticed SweetJohnnyV's ghost (novice MiBe)
  8271 | D:6      | Found a burning altar of Makhleb.
  8477 | D:7      | Noticed a troll
  8547 | D:7      | Reached * piety under Ashenzari
  8566 | D:7      | Found an iron altar of Okawaru.
  8887 | D:7      | Killed a troll
  8888 | D:7      | Reached skill level 5 in Fighting
  9279 | D:7      | Succumbed to a killer bee's poison

Illustrated notes

Levels and vault maps discovered:
D:1:      lightli_arrival_flooded_house, layout_basic
D:2:      layout_loops_cross, dreamdust_ecumenical_altar_sealed_demon,
          serial_rivers, chequers_serial_rivers_small_b,
          chequers_serial_rivers_small_a, chequers_serial_rivers_room_a,
          chequers_serial_rivers_large_b, chequers_serial_rivers_micro_b
D:3:      layout_basic
D:4:      layout_rooms, mainiacjoe_overflow_brackets,
          minmay_temple_entry_statues, serial_bayou, serial_bayou_pond_e,
          serial_bayou_lagoon_a, serial_bayou_lagoon_b, serial_bayou_shore_b,
          minivault_4, nrook_mini_backslash
D:5:      dreamdust_elfheim, layout_loops_ring,
          nicolae_gozag_cash_rules_everything_around_me, zin_statuary,
          uniq_grinder, uniq_prince_ribbit1
D:6:      layout_loops_corners, lemuel_tele_altar, gammafunk_ghost_icy,
          lightli_sewer_entry_pipes, kennysheep_small_square, uniq_menkaure,
          uniq_pikel
D:7:      layout_rooms, mainiacjoe_overflow_boulevard
Temple:   nicolae_temple_hex_pool

Skill      XL: |  1  2  3  4  5  6  7  8  9 |
---------------+----------------------------+-----
Dodging        | 2 3 |  3.6
Axes           | 3 4 5 6 |  6.5
Fighting       | 3 4 5 |  5.0
Translocations | 1 2 3 |  3.8
Poison Magic   | 1 2 3 4 |  4.1
Spellcasting   | 3 4 |  4.6
Conjurations   | 4 5 |  5.6
Armour         | 1 2 |  2.5
Summonings     | 1 2 |  2.8

Action                     |  1- 3 |  4- 6 |  7- 9 || total
---------------------------+-------+-------+-------++-------
  Melee: Hand axe          |   185 |   252 |   369 ||   806
         Punch             |     2 |     3 |       ||     5
  Throw: Dart              |       |     7 |    27 ||    34
   Cast: Kiss of Death     |     1 |     1 |     3 ||     5
         Shock             |       |     7 |     8 ||    15
         Momentum Strike   |       |     1 |     3 ||     4
         Hailstorm         |       |       |     1 ||     1
         Cigotuvi's Dreadf |       |       |     3 ||     3
 Invoke: Curse Item        |       |       |     2 ||     2
  Evoke: Wand              |       |     3 |     4 ||     7
    Use: Scroll            |     2 |     9 |     8 ||    19
         Potion            |     1 |     2 |     5 ||     8
   Stab: Sleeping          |     1 |     3 |       ||     4
         Paralysed         |       |     3 |    12 ||    15
 Armour: Leather armour    |    55 |    97 |   116 ||   268
  Dodge: Dodged            |   109 |   129 |   230 ||   468
